Unix NetHack Version 3.7.0-66 Work-in-progress - last build Dec 26 2022 05:50:31 (55254d10815e23f0e7c0ebc937178fe17f3ffff8,branch:master).

Game began 2023-01-14 05:06:25, ended 2023-01-14 07:35:43.

spontiff, neutral male gnomish Healer

  
unexplored area
unexplored area
unexplored area
unexplored area
unexplored area
unexplored area
unexplored area
unexplored area
unexplored area
unexplored area
unexplored area
unexplored area
unexplored area
unexplored area
stone
stone
stone
stone
unexplored area
unexplored area
unexplored area
unexplored area
unexplored area
unexplored area
unexplored area
unexplored area
unexplored area
unexplored area
unexplored area
unexplored area
unexplored area
unexplored area
unexplored area
unexplored area
unexplored area
unexplored area
unexplored area
unexplored area
unexplored area
unexplored area
unexplored area
unexplored area
unexplored area
unexplored area
unexplored area
unexplored area
unexplored area
unexplored area
unexplored area
unexplored area
unexplored area
unexplored area
unexplored area
unexplored area
unexplored area
unexplored area
unexplored area
unexplored area
unexplored area
unexplored area
unexplored area
unexplored area
unexplored area
unexplored area
unexplored area
unexplored area
unexplored area
unexplored area
unexplored area
unexplored area
unexplored area
unexplored area
unexplored area
unexplored area
unexplored area
unexplored area
unexplored area
unexplored area
unexplored area
unexplored area
unexplored area
unexplored area
unexplored area
unexplored area
unexplored area
unexplored area
unexplored area
unexplored area
wall
wall
wall
wall
wall
wall
.doorway
*some stones
stone
unexplored area
unexplored area
unexplored area
unexplored area
unexplored area
unexplored area
unexplored area
unexplored area
unexplored area
unexplored area
unexplored area
unexplored area
unexplored area
unexplored area
unexplored area
unexplored area
unexplored area
unexplored area
unexplored area
unexplored area
unexplored area
unexplored area
unexplored area
unexplored area
unexplored area
unexplored area
unexplored area
unexplored area
unexplored area
unexplored area
unexplored area
unexplored area
unexplored area
unexplored area
unexplored area
unexplored area
unexplored area
unexplored area
unexplored area
unexplored area
unexplored area
unexplored area
unexplored area
unexplored area
unexplored area
unexplored area
unexplored area
unexplored area
unexplored area
unexplored area
unexplored area
unexplored area
unexplored area
unexplored area
unexplored area
unexplored area
unexplored area
unexplored area
unexplored area
unexplored area
unexplored area
unexplored area
unexplored area
unexplored area
unexplored area
unexplored area
unexplored area
stone
stone
stone
wall
.dark part of a room
.dark part of a room
.dark part of a room
.dark part of a room
.dark part of a room
.doorway
corridor
stone
stone
stone
stone
stone
stone
stone
stone
unexplored area
unexplored area
unexplored area
unexplored area
unexplored area
unexplored area
unexplored area
unexplored area
unexplored area
unexplored area
unexplored area
unexplored area
unexplored area
unexplored area
unexplored area
unexplored area
unexplored area
unexplored area
unexplored area
unexplored area
unexplored area
unexplored area
unexplored area
unexplored area
unexplored area
unexplored area
unexplored area
unexplored area
unexplored area
unexplored area
unexplored area
unexplored area
unexplored area
unexplored area
unexplored area
unexplored area
unexplored area
unexplored area
unexplored area
unexplored area
unexplored area
unexplored area
unexplored area
unexplored area
unexplored area
unexplored area
unexplored area
unexplored area
unexplored area
unexplored area
unexplored area
unexplored area
unexplored area
unexplored area
unexplored area
unexplored area
unexplored area
unexplored area
unexplored area
unexplored area
stone
*some stones
corridor
.doorway
.dark part of a room
<staircase up
.dark part of a room
.dark part of a room
.dark part of a room
.doorway
corridor
corridor
corridor
corridor
*a rock
corridor
corridor
corridor
wall
wall
wall
wall
wall
wall
wall
wall
wall
wall
wall
wall
wall
wall
wall
wall
wall
wall
wall
wall
wall
wall
wall
wall
wall
wall
wall
wall
wall
wall
wall
wall
unexplored area
unexplored area
unexplored area
unexplored area
unexplored area
unexplored area
unexplored area
unexplored area
unexplored area
unexplored area
unexplored area
unexplored area
unexplored area
unexplored area
unexplored area
unexplored area
unexplored area
unexplored area
unexplored area
unexplored area
unexplored area
unexplored area
unexplored area
unexplored area
unexplored area
unexplored area
unexplored area
unexplored area
stone
stone
*11 rocks
corridor
.doorway
.doorway
.doorway
.doorway
.doorway
.doorway
.doorway
corridor
corridor
stone
stone
stone
stone
stone
corridor
.doorway
.dark part of a room
.dark part of a room
"web
.dark part of a room
.dark part of a room
.dark part of a room
.dark part of a room
.dark part of a room
.dark part of a room
.dark part of a room
.dark part of a room
.dark part of a room
.dark part of a room
.dark part of a room
.dark part of a room
.dark part of a room
.dark part of a room
.dark part of a room
.dark part of a room
.dark part of a room
.dark part of a room
.dark part of a room
.dark part of a room
.dark part of a room
.dark part of a room
.dark part of a room
.dark part of a room
.dark part of a room
.dark part of a room
.dark part of a room
wall
unexplored area
unexplored area
unexplored area
unexplored area
unexplored area
unexplored area
unexplored area
unexplored area
unexplored area
unexplored area
unexplored area
unexplored area
unexplored area
unexplored area
unexplored area
unexplored area
unexplored area
unexplored area
unexplored area
unexplored area
unexplored area
unexplored area
unexplored area
unexplored area
unexplored area
unexplored area
unexplored area
unexplored area
stone
corridor
corridor
corridor
corridor
0a boulder
corridor
corridor
corridor
corridor
corridor
corridor
stone
stone
unexplored area
unexplored area
unexplored area
stone
corridor
wall
.dark part of a room
wall
wall
wall
wall
wall
wall
wall
wall
wall
wall
wall
.dark part of a room
*7 rocks
.dark part of a room
.dark part of a room
.dark part of a room
.dark part of a room
.dark part of a room
wall
wall
wall
wall
wall
wall
wall
wall
.dark part of a room
.dark part of a room
.dark part of a room
wall
unexplored area
unexplored area
unexplored area
unexplored area
unexplored area
unexplored area
unexplored area
unexplored area
unexplored area
unexplored area
unexplored area
wall
wall
wall
wall
wall
wall
wall
unexplored area
unexplored area
unexplored area
unexplored area
unexplored area
unexplored area
unexplored area
unexplored area
unexplored area
unexplored area
stone
corridor
0a boulder
corridor
*2 rocks
corridor
corridor
corridor
corridor
corridor
corridor
corridor
0a boulder
stone
unexplored area
unexplored area
unexplored area
stone
corridor
wall
.dark part of a room
wall
.dark part of a room
.dark part of a room
wall
.dark part of a room
.floor of a room
.floor of a room
wall
.dark part of a room
.dark part of a room
wall
.dark part of a room
wall
wall
wall
wall
wall
wall
wall
.dark part of a room
.dark part of a room
wall
.dark part of a room
.dark part of a room
.dark part of a room
wall
.dark part of a room
.dark part of a room
.dark part of a room
wall
stone
stone
stone
stone
stone
stone
stone
stone
stone
stone
stone
wall
^pit
.dark part of a room
.dark part of a room
.dark part of a room
.dark part of a room
wall
unexplored area
unexplored area
unexplored area
unexplored area
unexplored area
unexplored area
unexplored area
unexplored area
unexplored area
unexplored area
stone
corridor
corridor
corridor
*10 rocks
*3 rocks
(a pick-axe
corridor
corridor
corridor
corridor
corridor
corridor
stone
stone
stone
unexplored area
stone
corridor
wall
.dark part of a room
-open door
.dark part of a room
.dark part of a room
wall
.dark part of a room
.dark part of a room
(15 candles
wall
.dark part of a room
.dark part of a room
wall
.dark part of a room
wall
.dark part of a room
.dark part of a room
.dark part of a room
.dark part of a room
.dark part of a room
wall
.dark part of a room
.dark part of a room
wall
.dark part of a room
+a spellbook called tan 3
.dark part of a room
wall
.dark part of a room
.dark part of a room
.dark part of a room
.doorway
corridor
corridor
corridor
corridor
corridor
corridor
corridor
corridor
corridor
corridor
corridor
*21 rocks
>staircase down
.dark part of a room
.dark part of a room
.dark part of a room
.dark part of a room
wall
unexplored area
unexplored area
unexplored area
unexplored area
unexplored area
unexplored area
unexplored area
unexplored area
unexplored area
unexplored area
stone
*8 rocks
corridor
0a boulder
*10 rocks
corridor
*a rock
stone
*11 rocks
*some stones
corridor
corridor
corridor
corridor
*a stone
stone
unexplored area
stone
corridor
wall
.dark part of a room
wall
wall
wall
wall
.dark part of a room
.dark part of a room
.floor of a room
wall
|open door
wall
wall
.floor of a room
wall
.dark part of a room
.dark part of a room
_neutral altar
.dark part of a room
.dark part of a room
wall
|open door
wall
wall
.dark part of a room
.dark part of a room
.dark part of a room
wall
.dark part of a room
.dark part of a room
.dark part of a room
wall
corridor
stone
stone
stone
stone
stone
stone
stone
stone
stone
stone
wall
.dark part of a room
^sleeping gas trap
.dark part of a room
.dark part of a room
.dark part of a room
wall
unexplored area
unexplored area
unexplored area
unexplored area
unexplored area
unexplored area
unexplored area
unexplored area
unexplored area
unexplored area
stone
*6 rocks
corridor
corridor
*7 rocks
corridor
corridor
*10 rocks
corridor
*some stones
corridor
*9 rocks
corridor
corridor
corridor
stone
unexplored area
stone
corridor
wall
.floor of a room
.floor of a room
.floor of a room
.dark part of a room
wall
wall
wall
|open door
wall
.floor of a room
.floor of a room
.floor of a room
.floor of a room
wall
.dark part of a room
.dark part of a room
.dark part of a room
.dark part of a room
.dark part of a room
wall
.dark part of a room
.dark part of a room
wall
wall
|open door
wall
wall
.dark part of a room
.dark part of a room
.dark part of a room
wall
corridor
stone
unexplored area
unexplored area
unexplored area
unexplored area
unexplored area
unexplored area
stone
corridor
corridor
-open door
.dark part of a room
.dark part of a room
.dark part of a room
.dark part of a room
.dark part of a room
wall
unexplored area
unexplored area
unexplored area
unexplored area
unexplored area
unexplored area
unexplored area
unexplored area
unexplored area
unexplored area
stone
corridor
*6 rocks
corridor
corridor
corridor
corridor
corridor
*some stones
corridor
corridor
corridor
*a stone
corridor
stone
stone
unexplored area
stone
corridor
wall
.floor of a room
.floor of a room
.floor of a room
.floor of a room
.floor of a room
.floor of a room
.floor of a room
.floor of a room
.floor of a room
.floor of a room
.floor of a room
.floor of a room
.floor of a room
wall
.dark part of a room
.dark part of a room
(a cursed brass lantern
.dark part of a room
.dark part of a room
wall
.dark part of a room
.dark part of a room
.dark part of a room
.dark part of a room
.dark part of a room
.dark part of a room
.dark part of a room
.dark part of a room
.dark part of a room
.dark part of a room
wall
corridor
stone
unexplored area
unexplored area
unexplored area
stone
stone
stone
stone
corridor
stone
wall
.dark part of a room
.dark part of a room
.dark part of a room
.dark part of a room
.dark part of a room
wall
unexplored area
unexplored area
unexplored area
unexplored area
unexplored area
unexplored area
unexplored area
unexplored area
unexplored area
unexplored area
stone
.doorway
.doorway
.doorway
.doorway
.doorway
.doorway
.doorway
.doorway
.doorway
.doorway
.doorway
.doorway
0a boulder
stone
stone
unexplored area
stone
corridor
wall
.floor of a room
.floor of a room
.floor of a room
.floor of a room
.floor of a room
.floor of a room
.floor of a room
@gnomish healer called spontiff
efloating eye
ftame large cat, can't move (paralyzed or sleeping or busy)
.floor of a room
.floor of a room
.floor of a room
wall
wall
wall
+closed door
wall
wall
wall
.dark part of a room
fountain
.dark part of a room
.dark part of a room
.dark part of a room
.dark part of a room
.dark part of a room
.dark part of a room
.dark part of a room
.dark part of a room
wall
corridor
stone
unexplored area
unexplored area
stone
stone
corridor
corridor
corridor
corridor
stone
wall
wall
wall
wall
wall
wall
wall
unexplored area
unexplored area
unexplored area
unexplored area
unexplored area
unexplored area
unexplored area
unexplored area
unexplored area
unexplored area
stone
.doorway
.dark part of a room
.dark part of a room
.dark part of a room
.dark part of a room
.dark part of a room
.dark part of a room
.dark part of a room
.dark part of a room
.dark part of a room
.dark part of a room
.doorway
corridor
corridor
stone
unexplored area
stone
corridor
wall
.floor of a room
.floor of a room
.floor of a room
.floor of a room
.floor of a room
.floor of a room
.floor of a room
ogoblin
.floor of a room
.floor of a room
.floor of a room
)an orcish dagger
.floor of a room
.floor of a room
.floor of a room
.floor of a room
.floor of a room
.floor of a room
.floor of a room
.floor of a room
.dark part of a room
.dark part of a room
.dark part of a room
.dark part of a room
.dark part of a room
.dark part of a room
.dark part of a room
.dark part of a room
.dark part of a room
.dark part of a room
wall
corridor
stone
stone
stone
stone
corridor
corridor
stone
stone
stone
stone
unexplored area
unexplored area
unexplored area
unexplored area
unexplored area
unexplored area
unexplored area
unexplored area
unexplored area
unexplored area
unexplored area
unexplored area
unexplored area
unexplored area
unexplored area
unexplored area
unexplored area
stone
.doorway
.dark part of a room
*a rock
.dark part of a room
.dark part of a room
.dark part of a room
.dark part of a room
.dark part of a room
.dark part of a room
.dark part of a room
.dark part of a room
.doorway
corridor
stone
stone
unexplored area
stone
corridor
wall
.floor of a room
.floor of a room
.dark part of a room
wall
wall
wall
|open door
wall
|open door
wall
wall
.dark part of a room
.floor of a room
.floor of a room
.floor of a room
.floor of a room
.floor of a room
.floor of a room
.floor of a room
.floor of a room
*a rock
.floor of a room
wall
wall
wall
|open door
wall
.dark part of a room
.dark part of a room
.dark part of a room
.broken door
corridor
corridor
corridor
corridor
corridor
corridor
stone
stone
unexplored area
unexplored area
unexplored area
unexplored area
unexplored area
unexplored area
unexplored area
unexplored area
unexplored area
unexplored area
unexplored area
unexplored area
unexplored area
unexplored area
unexplored area
unexplored area
unexplored area
unexplored area
unexplored area
unexplored area
stone
.doorway
.dark part of a room
.dark part of a room
.dark part of a room
.dark part of a room
.dark part of a room
.dark part of a room
.dark part of a room
.dark part of a room
.dark part of a room
.dark part of a room
.doorway
corridor
stone
unexplored area
unexplored area
stone
corridor
wall
.dark part of a room
.dark part of a room
.dark part of a room
wall
.dark part of a room
.floor of a room
.floor of a room
wall
.floor of a room
.floor of a room
wall
wall
wall
wall
.dark part of a room
wall
wall
wall
wall
wall
wall
wall
wall
.dark part of a room
.dark part of a room
.dark part of a room
wall
.dark part of a room
.dark part of a room
.dark part of a room
wall
corridor
stone
stone
stone
stone
stone
stone
unexplored area
unexplored area
unexplored area
unexplored area
unexplored area
unexplored area
unexplored area
unexplored area
unexplored area
unexplored area
unexplored area
unexplored area
unexplored area
unexplored area
unexplored area
unexplored area
unexplored area
unexplored area
unexplored area
unexplored area
unexplored area
stone
.doorway
.dark part of a room
.dark part of a room
.dark part of a room
.dark part of a room
.dark part of a room
.dark part of a room
.dark part of a room
.dark part of a room
.dark part of a room
.dark part of a room
.doorway
stone
stone
unexplored area
unexplored area
stone
corridor
wall
.dark part of a room
.dark part of a room
.dark part of a room
wall
.dark part of a room
.floor of a room
@peaceful Kipawa
wall
.floor of a room
.floor of a room
wall
.dark part of a room
.dark part of a room
wall
.dark part of a room
wall
.dark part of a room
.dark part of a room
.dark part of a room
wall
.dark part of a room
.dark part of a room
wall
(a figurine of a black naga
(a lamp called oil
(a can of grease
wall
.dark part of a room
.dark part of a room
.dark part of a room
wall
corridor
stone
unexplored area
unexplored area
unexplored area
unexplored area
unexplored area
unexplored area
unexplored area
unexplored area
unexplored area
unexplored area
unexplored area
unexplored area
unexplored area
unexplored area
unexplored area
unexplored area
unexplored area
unexplored area
unexplored area
unexplored area
unexplored area
unexplored area
unexplored area
unexplored area
unexplored area
unexplored area
stone
.doorway
.dark part of a room
.dark part of a room
.dark part of a room
.dark part of a room
.dark part of a room
.dark part of a room
.dark part of a room
.dark part of a room
.dark part of a room
.dark part of a room
.doorway
corridor
stone
unexplored area
unexplored area
stone
corridor
wall
.dark part of a room
.dark part of a room
.dark part of a room
wall
[an uncursed +0 dwarvish cloak
.floor of a room
.dark part of a room
wall
wall
wall
wall
.dark part of a room
.dark part of a room
-open door
.dark part of a room
-open door
.dark part of a room
$65 gold pieces
.dark part of a room
wall
.dark part of a room
.dark part of a room
wall
(a bag of tricks
$11 gold pieces
.dark part of a room
wall
.dark part of a room
.dark part of a room
.dark part of a room
wall
corridor
stone
unexplored area
unexplored area
unexplored area
unexplored area
unexplored area
unexplored area
unexplored area
unexplored area
unexplored area
unexplored area
unexplored area
unexplored area
unexplored area
unexplored area
unexplored area
unexplored area
unexplored area
unexplored area
unexplored area
unexplored area
unexplored area
unexplored area
unexplored area
unexplored area
unexplored area
unexplored area
stone
.doorway
.dark part of a room
.dark part of a room
.dark part of a room
.dark part of a room
.dark part of a room
.dark part of a room
.dark part of a room
.dark part of a room
.dark part of a room
.dark part of a room
wall
stone
stone
unexplored area
unexplored area
stone
corridor
wall
.dark part of a room
.dark part of a room
.dark part of a room
wall
wall
wall
wall
wall
.dark part of a room
.dark part of a room
wall
wall
wall
wall
.dark part of a room
wall
wall
wall
wall
wall
wall
|open door
wall
wall
wall
wall
wall
.dark part of a room
.dark part of a room
.dark part of a room
wall
corridor
stone
unexplored area
unexplored area
unexplored area
unexplored area
unexplored area
unexplored area
unexplored area
unexplored area
unexplored area
unexplored area
unexplored area
unexplored area
unexplored area
unexplored area
unexplored area
unexplored area
unexplored area
unexplored area
unexplored area
unexplored area
unexplored area
unexplored area
unexplored area
unexplored area
unexplored area
unexplored area
stone
.doorway
.doorway
.doorway
.doorway
.doorway
.doorway
.doorway
.doorway
.doorway
wall
wall
wall
unexplored area
unexplored area
unexplored area
unexplored area
stone
corridor
wall
.dark part of a room
.dark part of a room
.dark part of a room
.dark part of a room
.dark part of a room
.dark part of a room
.dark part of a room
.dark part of a room
.dark part of a room
.dark part of a room
.dark part of a room
.dark part of a room
.dark part of a room
.dark part of a room
.dark part of a room
.dark part of a room
.dark part of a room
.dark part of a room
.dark part of a room
.dark part of a room
.dark part of a room
.dark part of a room
.dark part of a room
.dark part of a room
.dark part of a room
.dark part of a room
.dark part of a room
.dark part of a room
.dark part of a room
.dark part of a room
wall
corridor
stone
unexplored area
unexplored area
unexplored area
unexplored area
unexplored area
unexplored area
unexplored area
unexplored area
unexplored area
unexplored area
unexplored area
unexplored area
unexplored area
unexplored area
unexplored area
unexplored area
unexplored area
unexplored area
unexplored area
unexplored area
unexplored area
unexplored area
unexplored area
unexplored area
unexplored area
unexplored area
stone
stone
stone
stone
corridor
corridor
corridor
corridor
stone
stone
stone
unexplored area
unexplored area
unexplored area
unexplored area
unexplored area
unexplored area
stone
corridor
wall
wall
wall
wall
wall
wall
wall
wall
wall
wall
wall
wall
wall
wall
wall
wall
wall
wall
wall
wall
wall
wall
wall
wall
wall
wall
wall
wall
wall
wall
wall
wall
corridor
stone
unexplored area
unexplored area
unexplored area
unexplored area
unexplored area
unexplored area
unexplored area
unexplored area
unexplored area
unexplored area
unexplored area
unexplored area
unexplored area
unexplored area
unexplored area
unexplored area
unexplored area
unexplored area
unexplored area
unexplored area
unexplored area
unexplored area
unexplored area
unexplored area
unexplored area
unexplored area
unexplored area
unexplored area
unexplored area
stone
stone
stone
stone
stone
stone
unexplored area
unexplored area
unexplored area
unexplored area
unexplored area
unexplored area
unexplored area
unexplored area
stone
stone
stone
unexplored area
unexplored area
unexplored area
unexplored area
unexplored area
unexplored area
unexplored area
unexplored area
unexplored area
unexplored area
unexplored area
unexplored area
unexplored area
unexplored area
unexplored area
unexplored area
unexplored area
unexplored area
unexplored area
unexplored area
unexplored area
unexplored area
unexplored area
unexplored area
unexplored area
unexplored area
unexplored area
unexplored area
unexplored area
unexplored area
stone
stone
stone
unexplored area
unexplored area
unexplored area
unexplored area
unexplored area
unexplored area
unexplored area
unexplored area
unexplored area
unexplored area
unexplored area
unexplored area
unexplored area
unexplored area
unexplored area
unexplored area
unexplored area
unexplored area
unexplored area
unexplored area
unexplored area
[Spontiff the Rhizotomist ] St:9 Dx:12 Co:16 In:8 Wi:17 Ch:17 Neutral S:460 Dlvl:5 $:0 HP:0(20) Pw:4(2) AC:1 Xp:1/0 T:11249

Latest messages:

You were wearing a blessed +0 dwarvish cloak.
You were wearing a blessed +1 hard hat.
You were wearing an uncursed +0 leather armor.
You were wearing an uncursed +0 pair of low boots.
You finish disrobing.
p - an uncursed tripe ration.
P - a cursed tripe ration.
J - a blessed +1 large round shield.
e - a cursed brass lantern.
B - an uncursed pick-axe.
Autopickup: OFF.
There are many objects here.
You drop a blessed +1 hard hat.
You drop an uncursed +1 pair of leather gloves.
You drop an uncursed +0 pair of low boots.
You drop a blessed +1 large round shield.
You drop a blessed +0 dwarvish cloak.
You drop an uncursed +0 leather armor.
You drop an uncursed pick-axe.
What do you want to drop? [epP or ?*] e
You drop a cursed brass lantern.
In what direction? k
The door closes.
You don't have anything to use or apply.
The goblin throws an orcish dagger!
You are hit by an orcish dagger.
You already found a monster. Use 'm' prefix to force another search.
The goblin hits!
The goblin misses!
The goblin misses!
The goblin hits!
The large cat bites the floating eye.
The large cat is frozen by the floating eye's gaze!
The goblin misses!
The goblin hits!
The goblin misses!
The goblin hits!
The goblin misses!
The goblin misses!
The goblin hits!
The goblin hits!
You begin bashing monsters with your bare hands.
You miss the floating eye.
In what direction? ^
What a strange direction!
In what direction? <esc>
The goblin hits!
You die...
Do you want your possessions identified? [ynq] (y) y
Do you want to see the dungeon overview? [ynq] (y) y

Inventory:

Comestibles

p - an uncursed tripe ration
P - a cursed tripe ration

Spontiff the Healer's attributes:


Background:

You were a Rhizotomist, a level 1 male gnomish Healer.
You were neutral, on a mission for Hermes
who was opposed by Athena (lawful) and Poseidon (chaotic).
You were in the Gnomish Mines, on level 5.
You entered the dungeon 11249 turns ago.
You had 0 experience points, 20 were needed to attain level 2.
Your score was 460 before end-of-game adjustments.

Basics:

You had 0 out of 20 hit points.
You had 4 out of 2 energy points (spell power).
Your armor class was 1.
Your wallet was empty.
Autopickup was off.

FinalCharacteristics:

Your strength was 9 (limit:18/50).
Your dexterity was 12 (limit:18).
Your constitution was 16 (limit:18).
Your intelligence was 8 (limit:19).
Your wisdom was 17 (limit:18).
Your charisma was 17 (limit:18).

Final Status:

You were not hungry.
You were unencumbered.
You were bare handed.
You were unskilled in bare handed combat.
You were not wearing any armor.

Final Attributes:

You were piously aligned.
You were poison resistant.
You were telepathic.
You had infravision.
You had a moderate defense bonus (+9).
You were warded.
You are dead.

Miscellaneous:
You never encountered a bones level.
Total elapsed playing time was 2 hours, 29 minutes and 17 seconds.

Major events:

Turn

1: spontiff the neutral male gnomish Healer entered the dungeon
761: entered the Gnomish Mines
2944: reached Mine Town
11249: killed by a goblin

Vanquished creatures:

a watch captain
2 small mimics
4 watchmen
3 giant spiders
a jaguar
a bugbear
a rock piercer
a pony
a fog cloud
2 shriekers
4 gnome leaders
an elf zombie
3 straw golems
2 giant ants
a little dog
2 floating eyes
3 kittens
12 dwarves
2 homunculi
a kobold leader
3 kobold shamans
2 rothes
a centipede
a giant bat
3 orc zombies
a wererat
a werejackal
3 iguanas
3 acid blobs
2 coyotes
a gas spore
11 hobbits
4 manes
2 large kobolds
a hobgoblin
6 giant rats
5 cave spiders
2 brown molds
a yellow mold
2 green molds
3 red molds
16 gnomes
4 gnome zombies
18 geckos
26 jackals
3 foxes
4 kobolds
6 goblins
2 sewer rats
26 grid bugs
3 bats
12 lichens
3 kobold zombies
19 newts
248 creatures vanquished.
No species were genocided or became extinct.

Voluntary challenges:

You never hit with a wielded weapon.
You were a pacifist.
You read items or engraved 1 time.
You never engraved Elbereth.
You never genocided any monsters.
You never polymorphed an object.
You never changed form.
You used no wishes.

Achievements:

You entered the Gnomish Mines.
You entered a shop.
You entered Minetown.
You entered a temple.

The Dungeons of Doom: levels 1 to 4

   Level 1: "Stashlet"
Level 2:
A fountain.
Stairs down to The Gnomish Mines.
Level 3:
A scroll shop, a tree.
Level 4:
A fountain.

The Gnomish Mines: levels 3 to 10

   Level 3:
Level 4: "magic trap"
Level 5: "Stashlet" <- You were here.
Many shops, a temple to Hermes, a fountain.
Final resting place for
you, killed by a goblin.
Level 6:
Level 7:
Level 8:
Level 9:
Level 10: "Cellar"
A fountain.

Game over:

----------
/ \
/ REST \
/ IN \
/ PEACE \
/ \
| spontiff |
| 0 Au |
| killed by a |
| goblin |
| |
| |
| 2023 |
*| * * * | *
_________)/\\_//(\/(/\)/\//\/|_)_______

Goodbye spontiff the Healer...


You died in The Gnomish Mines on dungeon level 5 with 460 points,
and 0 pieces of gold, after 11249 moves.
You were level 1 with a maximum of 20 hit points when you died.